AoeStats
← Giladren

Arabia

505616913Analyzed
1v1 RM · 21d ago on Sep 10, 2026· 43m 7s· 2 players
Game mode
Random Map
Map size
Tiny (2 player)
Population
200
Speed
Normal
Resources
Standard
Victory
Conquest
Starting age
Dark Age
Ending age
Imperial Age
RankedLock teamsTeams togetherTeam positionsShared explorationLock speedFull tech treeHidden civsTurbo modeCheats
Victory
Defeat
🇪🇸 Mongols · Spain
1079
+14
🇨🇿 Portuguese · Czechia
1039
-14
Giladren
0:57 Loom
11:54 Feudal Age
12:32 Double-Bit Axe
18:47 Castle Age
17:50 Town Watch
17:59 Horse Collar
19:39 Wheelbarrow
22:12 Fervor
22:11 Stone Mining
23:56 Fletching
27:32 Padded Archer Armor
27:44 Pikeman
30:34 Scale Mail Armor
30:31 Bodkin Arrow
33:15 Bow Saw
35:25 Gold Mining
36:06 Elite Skirmisher
40:27 Imperial Age
38:18 Elite Skirmisher
40:02 Leather Archer Armor
42:33 Masonry
PabloMA25
6:32 Loom
10:20 Feudal Age
11:05 Double-Bit Axe
15:34 Wheelbarrow
20:05 Castle Age
18:25 Gold Mining
18:47 Fletching
19:19 Padded Archer Armor
20:13 Scale Barding Armor
20:21 Bloodlines
21:41 Bodkin Arrow
24:23 Leather Archer Armor
24:38 Husbandry
25:09 Forging
36:13 Imperial Age
34:43 Ballistics
36:53 Hand Cart
37:35 Parthian Tactics
37:51 Thumb Ring
38:11 Bracer
40:45 Gold Shaft Mining
41:11 Capped Ram
42:49 Chain Barding Armor
Connection lost

Rejoining the realm…

Still unreachable

The connection could not be restored.

Session expired

The server has moved on; the page needs a fresh start.